 Dungeon Crawl Stone Soup version 0.14-a0-1974-gdb6e453 (webtiles) character file.

215 Kae the Cudgeler (level 5, -10/45 HPs)
             Began as a Minotaur Fighter on Jan 18, 2014.
             Killed from afar by artSturgeon's ghost (13 damage)
             ... with a puff of frost
             ... on Level 3 of the Dungeon.
             The game lasted 00:03:18 (2220 turns).

Kae the Cudgeler (Minotaur Fighter)                 Turns: 2220, Time: 00:03:19

HP -10/45        AC  6     Str 20      XL: 5   Next: 27%
MP   2/2         EV  6     Int  5      God:
Gold 43          SH 19     Dex 11      Spells:  0 memorised,  4 levels left

rFire  . . .     SeeInvis .     a - +0 mace
rCold  . . .     Clarity  .     b - +0 scale mail
rNeg   . . .     Conserve .     c - +0 shield
rPois  .         rCorr    .     (helmet restricted)
rElec  .         rRot     .     (no cloak)
SustAb . .       Spirit   .     (no gloves)
rMut   .         Warding  .     (no boots)
Saprov . . .     Stasis   .     (no amulet)
MR     .....                    (no ring)
                                (no ring)

@: very slightly contaminated, hasted, very quick, not resistant to hostile
enchantments, extremely unstealthy
A: retaliatory headbutt, horns 2
a: no special abilities


You were on level 3 of the Dungeon.
You were hungry.

You visited 1 branch of the dungeon, and saw 3 of its levels.

You collected 43 gold pieces.

Inventory:

Hand weapons
 a - a +0,+0 mace (weapon)
Armour
 b - a +0 scale mail (worn)
 c - a +0 shield (worn)
Magical devices
 u - a wand of teleportation (7) {unknown}
Comestibles
 d - 3 bread rations
 f - 2 meat rations
 m - 10 grapes
 p - a lychee
Scrolls
 e - 2 scrolls of identify {unknown}
 g - 4 scrolls of recharging {unknown}
 h - 2 scrolls of random uselessness {unknown}
 j - 3 scrolls of blinking {unknown}
 l - a scroll of amnesia {unknown}
 q - 2 scrolls of remove curse {unknown}
 r - a scroll of teleportation {unknown}
Jewellery
 n - a cursed amulet of conservation {unknown}
Potions
 i - a potion of brilliance
 t - a potion of curing {unknown}


   Skills:
 - Level 3.6 Fighting
 + Level 6.7 Maces & Flails
 - Level 3.6 Armour
 - Level 3.6 Shields


You had 4 spell levels left.
You didn't know any spells.

Dungeon Overview and Level Annotations

Branches:
Dungeon (3/16)

Altars:
Cheibriados
Elyvilon
Trog
Vehumet

Annotations:
D:3 artSturgeon's ghost, average MfIE


Innate Abilities, Weirdness & Mutations

You reflexively headbutt those who attack you in melee.
You have a pair of horns on your head.


Message History

ArtSturgeon's ghost hits you.
You closely miss artSturgeon's ghost. You headbutt artSturgeon's ghost.
ArtSturgeon's ghost is heavily damaged.
You barely miss artSturgeon's ghost. You headbutt artSturgeon's ghost.
ArtSturgeon's ghost is heavily damaged.
ArtSturgeon's ghost points at you and mumbles some strange words.
The puff of frost hits you!
One of your 2 potions of brilliance freezes and shatters!
You closely miss artSturgeon's ghost.
ArtSturgeon's ghost is heavily damaged.
You sock artSturgeon's ghost!
ArtSturgeon's ghost is almost destroyed.
ArtSturgeon's ghost points at you and mumbles some strange words.
The puff of frost hits you!
* * * LOW HITPOINT WARNING * * *
Drink which item? (? for menu, Esc to quit)
It has a very clean taste.
It was a potion of cure mutation.
ArtSturgeon's ghost gestures at you while chanting.
The puff of frost hits you!
You die...

.......# ........#
.......#.# ......#.#
........ ... #.# #.#
#.# #p# #.# #@# #.# .
#########.###.####.....
.......................
..........###.####.....
####.####.# #.# # ....
#.###.# #.......#...#.#
.#.......#...#.#
....._.....#.#.# .


You could see artSturgeon's ghost.

Vanquished Creatures
  A phantom (D:3)
  5 adders
  A giant mite (D:2)
  A ball python (D:2)
  2 giant cockroaches (D:2)
  7 goblins
  3 hobgoblins (D:1)
  A quokka (D:3)
  4 bats
  A giant gecko (D:1)
  4 giant newts
  3 jackals (D:1)
  3 kobolds (D:1)
  5 rats
41 creatures vanquished.

Notes
Turn   | Place    | Note
--------------------------------------------------------------
     0 | D:1      | Kae, the Minotaur Fighter, began the quest for the Orb.
     0 | D:1      | Reached XP level 1. HP: 19/19 MP: 1/1
   177 | D:1      | Reached XP level 2. HP: 21/26 MP: 1/1
   843 | D:2      | Reached skill level 4 in Maces & Flails
   895 | D:2      | Reached XP level 3. HP: 31/31 MP: 2/2
  1537 | D:2      | Reached skill level 5 in Maces & Flails
  1657 | D:2      | Reached XP level 4. HP: 33/39 MP: 2/2
  1868 | D:3      | Found a bloodstained altar of Trog.
  1884 | D:3      | Found a radiant altar of Vehumet.
  1895 | D:3      | Found a snail-covered altar of Cheibriados.
  1896 | D:3      | Noticed a phantom
  2067 | D:3      | Killed a phantom
  2067 | D:3      | Reached skill level 6 in Maces & Flails
  2067 | D:3      | Reached XP level 5. HP: 30/45 MP: 2/2
  2168 | D:3      | Found a white marble altar of Elyvilon.
  2204 | D:3      | Noticed artSturgeon's ghost (average MfIE)
  2220 | D:3      | Killed from afar by artSturgeon's ghost

Action                   |  1- 3 |  4- 6 || total
-------------------------+-------+-------++-------
Melee: Mace              |   112 |    38 ||   150
  Use: Potion            |     1 |     3 ||     4
